 Dungeon Crawl Stone Soup version 0.20.1-1-g8b1a95d (webtiles) character file.

31809 libidonplus the Dealer of Despair (level 13, -17/104 HPs)
             Began as a Mummy Necromancer on Nov 18, 2017.
             Was an Elder of Kikubaaqudgha.
             Demolished by a tentacled starspawn (34 damage)
             ... on level 2 of the Abyss on Nov 28, 2017.
             The game lasted 04:35:13 (29255 turns).

libidonplus the Dealer of Despair (MuNe)           Turns: 29255, Time: 04:35:15

Health: -17/104    AC: 11    Str: 11      XL:     13   Next: 28%
Magic:  22/28      EV: 10    Int: 18      God:    Kikubaaqudgha [****..]
Gold:   634        SH:  4    Dex: 13 (14) Spells: 14/34 levels left

rFire    . . .     SeeInvis .   b - +3 hunting sling "Bawexin" {venom, *Slow rElec rN+++}
rCold    + + .     Gourm    +   U - +0 buckler {rC+}
rNeg     + + +     Faith    .   M - +0 scale mail
rPois    ∞         Spirit   .   (no helmet)
rElec    +         Reflect  .   (no cloak)
rCorr    .         Harm     .   c - +2 pair of gloves
MR       +....                  l - +0 pair of boots
Stlth    ..........             m - amulet of the gourmand
Regen    0.3/turn               H - ring of wizardry
MPRegen  0.3/turn               N - ring of protection from fire

@: no status effects
A: no food or potions, fire vulnerability, cold resistance 1, negative energy
resistance 3, torment resistance, unbreathing, in touch with death 1
a: Receive Corpses, Renounce Religion


You were on level 2 of the Abyss.
You worshipped Kikubaaqudgha.
Kikubaaqudgha was greatly pleased with you.
You were not hungry.

You visited 2 branches of the dungeon, and saw 17 of its levels.
You visited the Abyss 1 time.

You collected 1120 gold pieces.
You spent 486 gold pieces at shops.

Inventory:

Hand Weapons
 a - a +3 whip of electrocution
 b - the +3 hunting sling "Bawexin" (weapon) {venom, *Slow rElec rN+++}
   (You took it off Maurice on level 11 of the Dungeon)

   It poisons the ammo it fires.
   It insulates you from electricity.
   It renders you almost immune to negative energy.
   It may slow you when you take damage.
 w - the +1 trident "Fuosh" {speed, rElec Int+2}
   (You found it on level 7 of the Dungeon)

   Attacks with this weapon are significantly faster.
   It affects your intelligence (+2).
   It insulates you from electricity.
Missiles
 g - 288 stones (quivered)
 i - 5 curare-tipped needles
 j - a poisoned tomahawk
 D - 58 sling bullets
 E - 3 tomahawks
 F - 20 poisoned needles
 Q - 4 tomahawks of returning
 T - 7 needles of confusion
Armour
 c - a +2 pair of gloves (worn)
 l - a +0 pair of boots (worn)
 p - the +1 plate armour "Fess" {rC+++ MR- Int+9 Stlth-}
   (You found it on level 1 of the Abyss)

   It affects your intelligence (+9).
   It renders you almost immune to cold.
   It affects your resistance to hostile enchantments.
   It makes you less stealthy.
 s - a +0 leather armour of magic resistance
 M - a +0 scale mail (worn)
 U - a +0 buckler of cold resistance (worn)
Jewellery
 d - an uncursed ring of ice
 m - an amulet of the gourmand (around neck)
 u - a +3 ring of dexterity
 z - a +5 ring of strength
 C - an uncursed ring of fire
 H - a ring of wizardry (left hand)
 N - a ring of protection from fire (right hand)
Wands
 h - a wand of lightning (2/15)
 v - a wand of iceblast (9/15)
 B - a wand of scattershot (1/9)
 K - a wand of polymorph (15/24)
 O - a wand of confusion (35/48)
 P - a wand of acid (0/15)
Scrolls
 e - a scroll of random uselessness
 f - a scroll of blinking
 k - 2 scrolls of recharging
 n - 5 scrolls of magic mapping
 o - 4 scrolls of fog
 r - 2 scrolls of immolation
 x - a scroll of vulnerability
 y - 3 scrolls of enchant weapon
 G - 7 scrolls of remove curse
 J - 3 scrolls of identify
 L - a scroll of summoning
 S - a scroll of enchant armour
Books
 q - a book of Necromancy

   Spells                             Type                      Level
   a - Pain                           Necromancy                   1
   b - Animate Skeleton               Necromancy                   1
   c - Vampiric Draining              Necromancy                   3
   d - Regeneration                   Charms/Necromancy            3
   e - Animate Dead                   Necromancy                   4
   f - Control Undead                 Necromancy                   4
 A - Kikubaaqudgha's Collected Works on Evil
   (Kikubaaqudgha gifted it to you on level 7 of the Dungeon)

   Spells                             Type                      Level
   a - Animate Skeleton               Necromancy                   1
   b - Pain                           Necromancy                   1
   c - Corpse Rot                     Necromancy                   2
   d - Vampiric Draining              Necromancy                   3
   e - Control Undead                 Necromancy                   4
 I - a book of Enchantments

   Spells                             Type                      Level
   a - Cause Fear                     Hexes                        4
   b - Yara's Violent Unravelling     Hexes/Transmutation          5
   c - Silence                        Hexes/Air                    5
   d - Deflect Missiles               Charms/Air                   6
   e - Discord                        Hexes                        8
 V - Kikubaaqudgha's Tome of Unholy Rituals
   (Kikubaaqudgha gifted it to you on level 10 of the Dungeon)

   Spells                             Type                      Level
   a - Animate Dead                   Necromancy                   4
   b - Excruciating Wounds            Charms/Necromancy            5
   c - Bolt of Draining               Conjuration/Necromancy       5
   d - Dispel Undead                  Necromancy                   5
   e - Death Channel                  Necromancy                   6
Miscellaneous
 R - a phantom mirror


   Skills:
 + Level 10.6 Fighting
 * Level 11.9 Maces & Flails
 - Level 4.7 Armour
 - Level 4.5 Dodging
 - Level 1.5 Stealth
 + Level 2.7 Shields
 - Level 11.2 Spellcasting
 - Level 12.0 Necromancy


You had 14 spell levels left.
You knew the following spells:

 Your Spells              Type           Power        Failure   Level  Hunger
a - Pain                  Necr           ####         1%          1    N/A
b - Animate Skeleton      Necr           N/A          1%          1    N/A
c - Vampiric Draining     Necr           ######....   1%          3    N/A
d - Control Undead        Necr           ######....   1%          4    N/A
e - Animate Dead          Necr           N/A          1%          4    N/A
f - Corpse Rot            Necr           N/A          1%          2    N/A
u - Dispel Undead         Necr           ######..     3%          5    N/A

Dungeon Overview and Level Annotations

Branches:
Dungeon (12/15)            Temple (0/1) D:7            Lair (5/6) D:8
  Swamp (0/4) Lair:2        Snake (0/4) Lair:4          Orc (0/2) D:12
  Slime: Lair:5-6

Altars:
Ashenzari
Cheibriados
Dithmenos
Elyvilon
Fedhas
Kikubaaqudgha
Okawaru
Zin

Shops:
D:4 ?%%*=   D:5 :   D:7 (   D:9 ?**   D:11 %

Portals:
Trove: D:11 (give +3 shadow dragon scales)

Annotations:
D:2 exclusion: oklob plant
D:3 exclusion: 2 downstairs
D:4 Grinder
D:5 exclusion: downstairs
D:7 exclusion: 2 downstairs
D:11 exclusion: 2 downstairs
D:12 Sonja
Lair:1 exclusion: downstairs
Lair:3 exclusion: downstairs
Lair:4 exclusion: 2 downstairs


Innate Abilities, Weirdness & Mutations

You do not eat or drink.
Your flesh is vulnerable to fire.
You are immune to poison.
Your flesh is cold resistant. (rC+)
You are immune to negative energy. (rN+++)
You are immune to unholy pain and torment.
You can survive without breathing.
You are in touch with the powers of death.


Message History

The neqoxec hits your shadow dragon zombie.
The raiju bites your stone giant zombie!
The raiju shocks your stone giant zombie!
The white imp hits your shadow dragon zombie but does no damage.
Your shadow dragon zombie bites the white imp.
Your shadow dragon zombie claws the white imp!
Your shadow dragon zombie claws the white imp.
The white imp dies!
Found a gateway leading deeper into the Abyss.
Your storm dragon zombie bites the neqoxec!
Your storm dragon zombie claws the neqoxec but does no damage.
Your storm dragon zombie tramples the neqoxec!
The neqoxec dies!
Kikubaaqudgha accepts your kill.
Something bites your stone giant zombie.
Something shocks your stone giant zombie!
There is a gateway leading deeper into the Abyss here.
The raiju bites you but does no damage. The tentacled starspawn bites you!!
You die...
Kikubaaqudgha rasps: "You have failed me!
Welcome... oblivion!"

..#.. ##..#.
#.... ##...
#...# ##...#. #
#####.X.##..#
## ...#.@.#..
.##.
#..#h#......#
##..##..#.#x
##.Z.##.....
#.....#..# ##
##ZZh##.h#..#
....Z.#x§##.###
# ##.....#..#.
h# # ###... ###
.#.## #


You could see a tentacled starspawn, a raiju, a friendly shadow dragon zombie, a
friendly storm dragon zombie, a friendly iron dragon zombie and a friendly stone
giant zombie.

Vanquished Creatures
  Nessos (D:12)
  Fannar (D:11)
  A hydra (Lair:4)
  3 two-headed ogres
  A death yak (Lair:4)
  An unseen horror (D:12)
  An ugly thing (D:11)
  An elephant (Lair:4)
  Maurice (D:11)
  A black mamba (Lair:4)
  A komodo dragon (Lair:2)
  2 spiny frogs (Lair:3)
  2 kobold demonologists
  A rime drake (Lair:3)
  A guardian mummy (D:11)
  3 polar bears
  5 blink frogs
  2 trolls (D:12)
  5 hippogriffs
  A flying skull (Abyss:2)
  Sigmund (D:6)
  A shadow (Abyss:2)
  2 wraiths (D:12)
  11 yaks
  3 wyverns (D:9)
  A basilisk (Lair:2)
  A human (D:7)
  2 hogs (D:7)
  Eustachio (D:3)
  2 hungry ghosts
  An insubstantial wisp (Abyss:2)
  A small abomination (Abyss:1)
  A naga (Lair:4)
  2 soldier ants
  5 water moccasins
  8 porcupines
  3 ice beasts
  A black bear (D:10)
  6 orc warriors
  A necrophage (D:7)
  4 sky beasts
  10 ogres
  8 wolves
  2 centaurs
  3 crocodiles
  8 big kobolds
  Blork the orc (D:4)
  13 bullfrogs
  3 gnoll sergeants (D:12)
  A wyvern zombie (D:11)
  2 scorpions
  12 killer bees
  3 howler monkeys
  10 wights
  10 crimson imps
  2 bullfrog zombies
  8 hounds
  8 orc wizards
  5 orc priests
  2 bullfrog skeletons (D:5)
  3 jellies
  Jessica (D:2)
  4 iguanas
  2 worker ants
  A hound skeleton (D:8)
  Robin (D:4)
  2 gnolls (D:12)
  8 adders
  2 shadow imps
  A white imp (Abyss:1)
  2 adder zombies
  4 worms
  A dart slug (D:2)
  5 leopard geckos
  33 orcs
  6 giant cockroaches
  20 goblins
  14 hobgoblins
  14 jackals
  20 kobolds
  5 quokkas
  2 ball pythons
  11 bats
  4 frilled lizards
  A leopard gecko zombie (D:8)
  3 quokka skeletons
  5 rats
379 creatures vanquished.

Vanquished Creatures (collateral kills)
  The ghost of Fingolfin the Bludgeoner, a journeyman TrMo of Ru (Lair:4)
  2 hydras
  3 two-headed ogres
  A centaur warrior (D:11)
  The ghost of dscm the Covert, a novice FeEE of Uskayaw (Lair:4)
  Nergalle (D:11)
  2 black mambas
  A centaur zombie (D:11)
  A komodo dragon (Lair:4)
  A polar bear (Lair:4)
  3 blink frogs (Lair:4)
  2 hippogriffs
  A raiju (Abyss:2)
  5 flying skulls (Abyss:2)
  8 yaks
  3 wyverns (Lair:4)
  A hungry ghost (D:11)
  2 hogs (D:7)
  A steam dragon (Lair:4)
  A neqoxec (Abyss:2)
  4 insubstantial wisps (Abyss:2)
  3 water moccasins
  2 porcupines
  A sky beast (D:5)
  An eye of draining (D:10)
  An ogre (D:12)
  2 wolves (Lair:2)
  5 crocodiles
  3 bullfrogs
  3 killer bees (D:10)
  3 wights
  A howler monkey (D:10)
  2 crimson imps
  A quasit (Abyss:1)
  A worker ant (D:9)
  A gnoll (D:12)
  An adder (D:3)
  A shadow imp (D:12)
  A worm (D:2)
  5 orcs
  A goblin (D:2)
  2 hobgoblins
  A jackal (D:1)
  3 kobolds (D:10)
  2 rats (D:3)
  A butterfly (Lair:2)
  A plant (Lair:4)
94 creatures vanquished.

Vanquished Creatures (others)
  A kobold (D:11)
  5 fungi
  3 plants
9 creatures vanquished.

Grand Total: 482 creatures vanquished

Notes
Turn   | Place    | Note
-------+----------+-------------------------------------------
     0 | D:1      | libidonplus the Mummy Necromancer began the quest for the Orb.
     0 | D:1      | Reached XP level 1. HP: 13/13 MP: 4/4
     4 | D:1      | Learned a level 1 spell: Animate Skeleton
   349 | D:1      | Reached XP level 2. HP: 20/20 MP: 2/5
  1192 | D:1      | Reached XP level 3. HP: 25/25 MP: 5/7
  1197 | D:1      | Learned a level 3 spell: Vampiric Draining
  1611 | D:2      | Reached skill level 1 in Fighting
  1665 | D:2      | Found a blossoming altar of Fedhas.
  1675 | D:2      | Noticed an oklob plant
  1728 | D:2      | Noticed Jessica
  1730 | D:2      | Killed Jessica
  1878 | D:2      | Reached XP level 4. HP: 27/32 MP: 9/9
  2055 | D:2      | Learned a level 4 spell: Control Undead
  2224 | D:2      | Found an iron altar of Okawaru.
  2272 | D:2      | Reached skill level 5 in Necromancy
  2276 | D:2      | Found a snail-covered altar of Cheibriados.
  3022 | D:3      | Reached XP level 5. HP: 32/38 MP: 5/11
  3784 | D:4      | Noticed a sky beast
  3839 | D:4      | Noticed Eustachio
  4005 | D:3      | Killed Eustachio
  4005 | D:3      | Reached skill level 5 in Spellcasting
  4005 | D:3      | Reached XP level 6. HP: 34/44 MP: 9/14
  4218 | D:4      | Noticed Grinder
  4322 | D:4      | Found Untism's Magic Scroll Shoppe.
  4690 | D:4      | Found Lurenlei's Food Emporium.
  4756 | D:4      | Found Makare's Assorted Antiques.
  4770 | D:4      | Bought a scroll of teleportation for 78 gold pieces
  4832 | D:4      | Reached skill level 6 in Necromancy
  4894 | D:4      | Noticed Blork the orc
  4905 | D:4      | Killed Blork the orc
  5260 | D:4      | Noticed Robin
  5353 | D:4      | Found Nanoh's Food Shoppe.
  5386 | D:4      | Found a white marble altar of Elyvilon.
  5437 | D:5      | Entered Level 5 of the Dungeon
  5463 | D:5      | Noticed a sky beast
  5769 | D:4      | Killed Robin
  6119 | D:4      | Reached XP level 7. HP: 49/52 MP: 10/16
  6169 | D:4      | Found Zuuda's Jewellery Emporium.
  6275 | D:5      | Found a shadowy altar of Dithmenos.
  6284 | D:4      | Learned a level 4 spell: Animate Dead
  6390 | D:5      | Found Tiujare's Book Shoppe.
  6464 | D:5      | Found a blossoming altar of Fedhas.
  6929 | D:5      | Found an ancient bone altar of Kikubaaqudgha.
  6935 | D:5      | Became a worshipper of Kikubaaqudgha
  7192 | D:6      | Noticed Sigmund
  7347 | D:6      | Reached skill level 7 in Necromancy
  7443 | D:6      | Reached XP level 8. HP: 56/60 MP: 19/19
  7874 | D:6      | Found a shattered altar of Ashenzari.
  8025 | D:6      | Found a glowing silver altar of Zin.
  8025 | D:6      | Noticed an angel
  8527 | D:7      | Got an encrusted trident
  8739 | D:7      | Identified the cursed +1 trident "Fuosh" {speed, rElec Int+2} (You found it on level 7 of the Dungeon)
  8749 | D:7      | Found Maem's Antique Weapon Boutique.
  8883 | D:7      | Reached skill level 8 in Necromancy
  9006 | D:7      | Reached * piety under Kikubaaqudgha
  9006 | D:7      | Identified Kikubaaqudgha's Collected Works on Evil (Kikubaaqudgha gifted it to you on level 7 of the Dungeon)
  9006 | D:7      | Received a gift from Kikubaaqudgha
  9011 | D:7      | Learned a level 2 spell: Corpse Rot
  9055 | D:7      | Found a glowing silver altar of Zin.
  9240 | D:7      | Found a staircase to the Ecumenical Temple.
  9548 | D:7      | Reached skill level 5 in Fighting
  9643 | D:7      | Reached XP level 9. HP: 58/68 MP: 8/22
  9899 | D:8      | Noticed a two-headed ogre
 10325 | D:8      | Reached skill level 9 in Necromancy
 10464 | D:8      | Found a staircase to the Lair.
 10490 | D:8      | Reached skill level 10 in Spellcasting
 11006 | D:9      | Found Isad Bifra's Magic Scroll Emporium.
 11018 | D:9      | Bought a scroll of teleportation for 33 gold pieces
 11018 | D:9      | Bought a scroll of teleportation for 33 gold pieces
 11040 | D:9      | Noticed a two-headed ogre
 11287 | Lair:1   | Entered Level 1 of the Lair of Beasts
 11893 | Lair:1   | Reached skill level 10 in Necromancy
 11898 | Lair:1   | Reached XP level 10. HP: 70/76 MP: 7/25
 12055 | Lair:1   | Reached skill level 1 in Armour
 12930 | Lair:2   | Reached skill level 1 in Maces & Flails
 13799 | Lair:2   | Found a staircase to the Swamp.
 13942 | Lair:3   | Noticed a spiny frog
 13955 | Lair:3   | Killed a spiny frog
 14023 | Lair:3   | You fall through a shaft!
 14023 | Lair:4   | Noticed a black mamba
 14031 | Lair:4   | Killed a black mamba
 14039 | Lair:4   | Noticed Fingolfin's ghost (journeyman TrMo)
 14072 | Lair:3   | Reached skill level 11 in Necromancy
 14337 | Lair:3   | Reached skill level 5 in Maces & Flails
 14397 | Lair:3   | Noticed a six-headed hydra
 14827 | Lair:2   | Killed a six-headed hydra
 14866 | Lair:3   | Noticed a black mamba
 14879 | Lair:2   | Killed a black mamba
 14879 | Lair:2   | Reached XP level 11. HP: 73/84 MP: 21/26
 15785 | Lair:3   | Reached ** piety under Kikubaaqudgha
 16420 | Lair:4   | Found a staircase to the Snake Pit.
 16559 | Lair:4   | Noticed dscm's ghost (novice FeEE)
 16572 | Lair:4   | Killed dscm's ghost
 16654 | Lair:4   | Reached skill level 12 in Necromancy
 16739 | Lair:4   | Noticed a four-headed hydra
 16753 | Lair:4   | Killed a four-headed hydra
 16953 | Lair:4   | Killed Fingolfin's ghost
 17396 | Lair:5   | Noticed a death yak
 17396 | Lair:5   | Noticed a death yak
 17397 | Lair:5   | Noticed a death yak
 17404 | Lair:4   | Killed a death yak
 17802 | Lair:5   | Noticed a death yak
 17823 | Lair:5   | Noticed a death yak
 17824 | Lair:5   | Noticed a death yak
 18313 | D:6      | Killed Sigmund
 18523 | D:4      | Bought a scroll of fear for 42 gold pieces
 18523 | D:4      | Bought a scroll of teleportation for 36 gold pieces
 18523 | D:4      | Bought a scroll of identify for 24 gold pieces
 19177 | D:8      | Noticed a two-headed ogre
 19235 | D:9      | Killed a two-headed ogre
 19235 | D:9      | Reached XP level 12. HP: 77/94 MP: 17/27
 19309 | D:9      | Found Duamip's General Store.
 19317 | D:9      | Bought a scroll of teleportation for 45 gold pieces
 19341 | D:9      | Found Fiodgh's Assorted Antiques.
 19502 | D:9      | Bought a glowing buckler for 195 gold pieces
 19555 | D:9      | Noticed a two-headed ogre
 19568 | D:9      | Killed a two-headed ogre
 19568 | D:9      | Reached skill level 10 in Maces & Flails
 19828 | D:10     | Entered Level 10 of the Dungeon
 20014 | D:10     | Noticed a two-headed ogre
 20023 | D:10     | Killed a two-headed ogre
 20252 | D:10     | Reached *** piety under Kikubaaqudgha
 20252 | D:10     | Identified Kikubaaqudgha's Tome of Unholy Rituals (Kikubaaqudgha gifted it to you on level 10 of the Dungeon)
 20252 | D:10     | Received a gift from Kikubaaqudgha
 20260 | D:10     | Learned a level 5 spell: Dispel Undead
 20587 | D:10     | Noticed a two-headed ogre
 20643 | D:9      | Killed a two-headed ogre
 21839 | D:11     | Found Birer's Food Shop.
 21839 | D:11     | Noticed Fannar
 21840 | D:11     | Noticed Nergalle
 22141 | D:11     | Noticed Maurice
 22143 | D:11     | Noticed a two-headed ogre
 22205 | D:11     | Reached **** piety under Kikubaaqudgha
 22480 | D:11     | Noticed a centaur warrior
 22500 | D:11     | Killed a centaur warrior
 22847 | D:11     | Killed a two-headed ogre
 22938 | D:11     | Killed Maurice
 22941 | D:11     | Got an uncursed jewelled hunting sling {venom}
 22942 | D:11     | Identified the +3 hunting sling "Bawexin" {venom, *Slow rElec rN+++} (You took it off Maurice on level 11 of the Dungeon)
 23067 | D:11     | Noticed a two-headed ogre
 23097 | D:11     | Killed a two-headed ogre
 23131 | D:11     | Killed Nergalle
 23706 | D:11     | Found a portal to a secret trove of treasure.
 23752 | D:11     | Reached skill level 10 in Fighting
 24060 | D:11     | Killed Fannar
 25694 | D:12     | Noticed a death knight
 25922 | Lair:3   | Noticed a seven-headed hydra
 25974 | Lair:3   | Killed a seven-headed hydra
 26094 | Lair:4   | Reached skill level 1 in Shields
 26747 | D:11     | Gained mutation: You are in touch with the powers of death. [Mummy growth]
 26747 | D:11     | Reached XP level 13. HP: 90/103 MP: 20/28
 27274 | D:12     | Noticed Nessos
 27290 | D:12     | Killed Nessos
 27626 | D:12     | Found a staircase to the Orcish Mines.
 28517 | D:12     | Noticed Sonja
 28829 | D:12     | Cast into level 1 of the Abyss (Sonja)
 28852 | Abyss:1  | Got a pitted plate armour
 28863 | Abyss:1  | Identified the cursed +1 plate armour "Fess" {rC+++ MR- Int+9 Stlth-} (You found it on level 1 of the Abyss)
 28954 | Abyss:1  | Noticed a red very ugly thing
 29252 | Abyss:2  | Noticed a tentacled starspawn
 29255 | Abyss:2  | Demolished by a tentacled starspawn

Skill      XL: |  1  2  3  4  5  6  7  8  9 10 11 12 13 |
---------------+----------------------------------------+-----
Spellcasting   | 3 4 5 6 7 9 11 | 11.2
Fighting       | 1 2 3 5 6 7 8 10 | 10.6
Necromancy     | 5 6 7 8 10 11 12 | 12.0
Armour         | 1 3 4 |  4.7
Maces & Flails | 5 9 11 | 11.9
Dodging        | 3 4 |  4.5
Shields        | 1 2 |  2.7
Stealth        | |  1.5

Action                   |  1- 3 |  4- 6 |  7- 9 | 10-12 | 13-15 || total
-------------------------+-------+-------+-------+-------+-------++-------
Melee: Dagger            |     3 |       |       |       |       ||     3
       Whip              |       |    42 |   105 |   319 |   171 ||   637
       Trident           |       |       |     1 |       |       ||     1
 Fire: Hunting sling     |       |    25 |    23 |    62 |    20 ||   130
Throw: Stone             |    20 |    29 |     2 |       |       ||    51
       Tomahawk          |       |       |       |     4 |       ||     4
 Cast: Pain              |    64 |   163 |   205 |   392 |    56 ||   880
       Animate Skeleton  |    15 |    24 |    13 |       |       ||    52
       Control Undead    |       |     1 |     7 |     2 |       ||    10
       Animate Dead      |       |       |    14 |    87 |    19 ||   120
       Vampiric Draining |       |       |    29 |   157 |    30 ||   216
       Dispel Undead     |       |       |       |     2 |       ||     2
Invok: Receive Corpses   |       |       |     1 |    16 |     4 ||    21
Evoke: Wand              |       |       |       |     7 |       ||     7
  Use: Scroll            |       |     8 |    10 |    21 |     1 ||    40
 Stab: Sleeping          |     1 |       |       |       |       ||     1
       Distracted        |       |       |       |     5 |       ||     5
Armor: Robe              |     5 |    21 |       |       |       ||    26
       Leather armour    |       |    16 |    56 |       |       ||    72
       Scale mail        |       |       |     3 |   382 |   126 ||   511
Dodge: Dodged            |    24 |    80 |   126 |   351 |   107 ||   688
Block: Buckler           |       |       |       |    66 |    43 ||   109
